 Dungeon Crawl Stone Soup version 0.30-a0-190-g22c9a3c0ff (webtiles) character file.

Game seed: 18038310263902736802

1276 Seczel the Chopper (level 8, -8/69 (70) HPs)
             Began as a Minotaur Fighter on Oct 3, 2022.
             Was an Initiate of Gozag.
             Succumbed to their own poison gas
             ... on level 7 of the Dungeon.
             The game lasted 00:34:16 (6233 turns).

Seczel the Chopper (Minotaur Fighter)               Turns: 6233, Time: 00:34:17

HP:   -8/69 (70)    AC: 15    Str: 23    XL:     8   Next: 28%
MP:   6/7           EV: 10    Int:  5    God:    Gozag
Gold: 895           SH:  4    Dex: 10    Spells: 7/7 levels left

rFire   . . .      SeeInvis .    a - +4 war axe (vorpal)
rCold   . . .      Faith    .    c - +0 buckler
rNeg    . . .      Spirit   +    b - +5 scale mail
rPois   .          Reflect  .    (helmet restricted)
rElec   .          Harm     .    (no cloak)
rCorr   .          Rampage  .    p - +0 pair of gloves
Will    .....                    k - +0 pair of boots
Stlth   ..........               v - amulet of guardian spirit
HPRegen 0.31/turn                e - ring of flight
MPRegen 0.10/turn                s - ring of wizardry

@: lethally poisoned (-8 -> -74), flying, lightly drained
A: horns 2, retaliatory headbutt, mutation resistance 1
a: Renounce Religion, Potion Petition, Call Merchant, Bribe Branch


You were on level 7 of the Dungeon.
You worshipped Gozag.
Gozag was pleased with you.
You visited 2 branches of the dungeon, and saw 8 of its levels.

You collected 967 gold pieces.
You paid 72 gold pieces to Gozag.

Inventory:

Hand Weapons
 a - a +4 vorpal war axe (weapon)
 l - a +0 short sword of protection
Armour
 b - a +5 scale mail (worn)
 c - a +0 buckler (worn)
 k - a +0 pair of boots (worn)
 p - a +0 pair of gloves (worn)
Jewellery
 e - a ring of flight (left hand)
 o - a ring of magical power
 s - a ring of wizardry (right hand)
 v - an amulet of guardian spirit (around neck)
 y - a ring of magical power
Wands
 q - a wand of flame (32)
 u - a wand of polymorph (6)
 w - a wand of roots (9)
Scrolls
 f - 3 scrolls of amnesia
 j - 4 scrolls of teleportation
 n - 2 scrolls of identify
 r - 2 scrolls of fear
 t - 2 scrolls of immolation
 x - a scroll of noise
Potions
 d - 2 potions of might
 g - a potion of cancellation
 h - a potion of attraction
 i - 2 potions of haste
 m - 3 potions of curing


   Skills:
 + Level 6.2 Fighting
 + Level 7.7 Axes
 + Level 7.3 Armour
 + Level 3.3 Dodging
 + Level 0.8 Stealth
 + Level 4.4 Shields


You had 7 spell levels left.
You didn't know any spells.
Your spell library contained the following spells:

 Spells                   Type           Power      Damage    Failure   Level
 Sublimation of Blood     Necr           0%         N/A       65%         2
 Petrify                  Tmut/Erth      0%         N/A       99%         4
 Irradiate                Conj/Tmut      0%         3d11      100%        5
 Summon Forest            Summ/Tloc      0%         N/A       100%        5
 Eringya's Noxious Bog    Tmut/Pois      0%         N/A       100%        6
 Summon Hydra             Summ           0%         N/A       100%        7


Dungeon Overview and Level Annotations

Branches:
Dungeon (7/15)             Temple (1/1) D:7

Altars:
Ashenzari
Cheibriados
Dithmenos
Elyvilon
Gozag
Hepliaklqana
Makhleb
Sif Muna
Trog
Uskayaw
Wu Jian
Yredelemnul
Zin


Innate Abilities, Weirdness & Mutations

You have a pair of horns on your head.
You reflexively headbutt those who attack you in melee.
You are somewhat resistant to further mutation.


Message History

You now have 895 gold pieces (gained 13).
Done exploring.
Done exploring.
The air fills with toxic fumes!
As you read the scroll labelled NARRIH HULEK, it crumbles to dust.
It was a scroll of poison.
Really fly into that cloud of poison gas? [Y]es or [N]o only, please.
Really fly into that cloud of poison gas? [Y]es or [N]o only, please.
Really fly into that cloud of poison gas? [Y]es or [N]o only, please.
Really fly into that cloud of poison gas?
Uppercase [Y]es or [N]o only, please.
Really fly into that cloud of poison gas? [Y]es or [N]o only, please.
Really fly into that cloud of poison gas? [Y]es or [N]o only, please.
Really fly into that cloud of poison gas?
You are engulfed in poison gas.
You are poisoned.
You feel very sick.
You are engulfed in poison gas.
You are more poisoned.
You feel very sick.
You are engulfed in poison gas.
You are more poisoned.
You feel extremely sick.
You are engulfed in poison gas.
You are more poisoned.
You feel extremely sick.
You are engulfed in poison gas.
You are lethally poisoned!
You feel extremely sick.
You are engulfed in poison gas.
You are more poisoned.
* * * LOW HITPOINT WARNING * * *
x2 You feel extremely sick.
You are engulfed in poison gas.
You are more poisoned.
* * * LOW HITPOINT WARNING * * *
You die...
Your body crumbles into a pile of gold.

..###.# ##..#§###
....#.### #...#.#
........# #.#.#§#
.##.##.## #...#§#
.......)#####..#☼#
.......))......#○#
.⌠...⌠.)##.##.##§#
........##.##.##§#
...>.......##.##@#
........#####.##.#
.⌠...⌠..#####.##.#
.................#
........#.>...####
.##.##.########
.##.##.# .......#
########


There were no monsters in sight!

Vanquished Creatures
  An ogre (D:6)
  A centaur (D:6)
  A phantom (D:5)
  A necrophage (D:4)
  A bullfrog (D:7)
  A gnoll sergeant (D:7)
  3 scorpions
  A jelly (D:6)
  A hound (D:6)
  4 orc priests
  2 gnoll boudas (D:6)
  Jessica (D:2)
  An iguana (D:5)
  5 orc wizards
  13 gnolls
  3 adders
  A white imp (D:6)
  2 worms
  4 dart slugs
  21 orcs
  3 ball pythons
  4 endoplasms
  4 giant cockroaches
  3 goblins
  3 hobgoblins
  4 quokkas
  8 bats
  5 frilled lizards
  6 kobolds
  3 rats
111 creatures vanquished.

Vanquished Creatures (others)
  3 fungi (D:1)
  2 plants (D:3)
5 creatures vanquished.

Grand Total: 116 creatures vanquished

Notes
Turn   | Place    | Note
-------+----------+-------------------------------------------
     0 | D:1      | Seczel the Minotaur Fighter began the quest for the Orb.
     0 | D:1      | Reached XP level 1. HP: 19/19 MP: 0/0
   122 | D:1      | Gained mutation: You are somewhat resistant to further
                  | mutation. [potion of mutation]
   273 | D:1      | Reached XP level 2. HP: 27/27 MP: 1/1
   863 | D:2      | Found a white marble altar of Elyvilon.
   953 | D:2      | Reached XP level 3. HP: 33/33 MP: 2/2
  1169 | D:2      | Noticed Jessica
  1172 | D:2      | Killed Jessica
  1173 | D:2      | Reached XP level 4. HP: 41/41 MP: 3/3
  1765 | D:3      | Found a glowing silver altar of Zin.
  1765 | D:3      | Found an opulent altar of Gozag.
  1783 | D:3      | Became a worshipper of Gozag Ym Sagoz the Greedy
  1860 | D:3      | Found a faded altar of an unknown god.
  2065 | D:3      | Reached XP level 5. HP: 36/47 MP: 4/4
  2723 | D:4      | Reached skill level 5 in Axes
  2950 | D:4      | Reached skill level 1 in Dodging
  3073 | D:4      | Found a hide-covered altar of Uskayaw.
  3558 | D:5      | Entered Level 5 of the Dungeon
  3566 | D:5      | You are sucked into a shaft and drop 2 floors!
  3577 | D:7      | Reached skill level 5 in Armour
  3577 | D:7      | Reached XP level 6. HP: 50/53 MP: 5/5
  3737 | D:5      | Reached skill level 5 in Fighting
  3737 | D:5      | Reached XP level 7. HP: 58/61 MP: 6/6
  3746 | D:5      | Noticed a wraith
  5014 | D:6      | Reached XP level 8. HP: 42/70 MP: 7/7
  5381 | D:6      | Found a hazy altar of Hepliaklqana.
  5583 | D:7      | Found a staircase to the Ecumenical Temple.
  5702 | Temple   | Entered the Ecumenical Temple
  6233 | D:7      | Succumbed to their own poison gas

Illustrated notes

Levels and vault maps discovered:
D:1:      dpeg_arrival_prison, layout_basic
D:2:      layout_loops_ring, basic_altar, uniq_jessica
D:3:      layout_basic, grunt_temple_overflow_gold_and_silver,
          dilly_ecumenical_altar_fadedgnrine, serial_bayou_pond_a
D:4:      layout_basic, eat_drink_and_be_merry_uskayaw
D:5:      layout_rooms, amcnicky_mini_corridor_feature, grunt_ministairs_14,
          minivault_27
D:6:      layout_loops_ring, marbit_many_paths, kennysheep_generic_room_3
D:7:      layout_loops_ring, minmay_temple_entry_large_hall
Temple:   hellmonk_temple_forest_ring

Skill      XL: |  1  2  3  4  5  6  7  8 |
---------------+-------------------------+-----
Fighting       | 4 5 6 |  6.2
Armour         | 4 5 6 7 |  7.3
Shields        | 4 |  4.4
Axes           | 3 4 5 6 7 |  7.7
Dodging        | 1 2 3 |  3.3
Stealth        | |  0.8

Action                   |  1- 3 |  4- 6 |  7- 9 || total
-------------------------+-------+-------+-------++-------
Melee: War axe           |    61 |    94 |   102 ||   257
       Headbutt          |    12 |    13 |    19 ||    44
  Use: Potion            |     6 |     2 |       ||     8
       Scroll            |     8 |     8 |     6 ||    22
Armor: Scale mail        |    24 |    55 |    53 ||   132
Dodge: Dodged            |    35 |    26 |    59 ||   120
Block: Buckler           |    11 |     5 |    20 ||    36

Table legend: (Time is in decaauts)
 A = Elapsed time spent in this place.
 B = Non-inter-level travel time spent in this place.
 C = Inter-level travel time spent in this place.
 D = Time resting spent in this place.
 E = Time spent auto-exploring this place.
 F = Levels seen in this place.
 G = Mean time per level.
                   A        B        C        D        E       F      G
               +--------+--------+--------+--------+--------+-----+--------+
         Total |   6296 |   6296 |      0 |    695 |   3093 |   8 |  787.0 |
       Dungeon |   6214 |   6214 |      0 |    695 |   3093 |   7 |  887.7 |
        Temple |     81 |     81 |      0 |      0 |      0 |   1 |   81.0 |
               +--------+--------+--------+--------+--------+-----+--------+

Top non-repeatable levels by time:
     D:6: 1155 daAuts
     D:4: 1107 daAuts
     D:3: 1060 daAuts
     D:1: 866 daAuts
     D:2: 786 daAuts
     D:7: 760 daAuts
     D:5: 477 daAuts
  Temple: 81 daAuts
